 Dungeon Crawl Stone Soup version 0.17-a0-227-gf5308cc (webtiles) character file.

74 Pikaro the Bolt Thrower (level 4, -3/36 HPs)
             Began as a Centaur Hunter on Mar 29, 2015.
             Slain by an ogre
             ... wielding a +0 giant club
              (20 damage)
             ... on level 4 of the Dungeon.
             The game lasted 00:02:19 (1681 turns).

Pikaro the Bolt Thrower (Centaur Hunter)            Turns: 1681, Time: 00:02:19

Health: -3/36      AC:  4    Str: 15    XL:     4   Next: 9%
Magic:  3/3        EV:  9    Int: 10    God:
Gold:   66         SH:  0    Dex: 10    Spells: 0 memorised, 3 levels left

rFire  . . .     SeeInvis .     a - +3 whip (venom)
rCold  . . .     Clarity  .     d - +0 leather armour
rNeg   . . .     SustAb   .     (no shield)
rPois  .         Gourm    .     (no helmet)
rElec  .         Spirit   .     (no cloak)
rCorr  .         Warding  .     (no gloves)
rMut   .         Stasis   .     (no barding)
MR     .....                    (no amulet)
Stlth  +.........               (no ring)
                                (no ring)

@: lethally poisoned (-3 -> -6), very quick, not resistant to hostile
enchantments, very unstealthy
A: hooves 3, deformed body, speed 2, tough skin 3
a: no special abilities


You were on level 4 of the Dungeon.
You were not hungry.

You visited 1 branch of the dungeon, and saw 3 of its levels.

You collected 66 gold pieces.

Inventory:

Hand weapons
 a - a +3 whip of venom (weapon)
   (You found it on level 1 of the Dungeon)
 b - a +1 hand crossbow
Missiles
 c - 20 bolts
Armour
 d - a +0 leather armour (worn)
Scrolls
 e - a scroll of blinking {unknown}
 h - a scroll of identify {unknown}
 j - a scroll of enchant weapon {unknown}
Potions
 i - a potion of agility {unknown}
 k - a potion of ambrosia {unknown}
Comestibles
 f - 3 bread rations
 g - a beef jerky
 l - a chunk of flesh


   Skills:
 - Level 2.0 Fighting
 + Level 6.2 Crossbows
 - Level 1.3 Dodging
 - Level 0.5 Stealth


You had 3 spell levels left.
You didn't know any spells.

Dungeon Overview and Level Annotations

Branches:
Dungeon (4/15)
 Temple: D:4-7

Altars:
Zin


Innate Abilities, Weirdness & Mutations

You have hooves in place of feet.
Armour fits poorly on your strangely shaped body.
You cover ground very quickly.
You have extremely tough skin (AC +3).


Message History

You kill the worm!
No target in view!
You see here a worm corpse.
You butcher the worm corpse.
l - a chunk of flesh Eating a chunk of flesh.
You continue eating. x2
You start resting.
Health restored: 29; Total turns waited: 60
f - 3 bread rations (gained 1)
Found a glowing silver altar of Zin. 2 hobgoblins come into view.
The hobgoblin shouts! x2
The hobgoblin moves out of view.
You hit the hobgoblin.
The hobgoblin is poisoned.
The hobgoblin closely misses you.
You hit the hobgoblin.
You kill the hobgoblin!
A hobgoblin comes into view. It is wielding a club.
The hobgoblin shouts!
You hit the hobgoblin.
You kill the hobgoblin!
You hit the hobgoblin.
The hobgoblin is poisoned.
The hobgoblin hits you but does no damage.
You hit the hobgoblin but do no damage.
The hobgoblin looks even sicker.
Your kick misses the hobgoblin.
You are feeling hungry.
You kill the hobgoblin!
No target in view! a club; a hobgoblin corpse You butcher the hobgoblin corpse.
l - 2 chunks of flesh You see here a club.
Eating one of 2 chunks of flesh.
You continue eating. x2
Items here: club You see here a hobgoblin corpse. a club; a hobgoblin corpse You see here a dagger.
You now have 59 gold pieces (gained 18).
You fall through a shaft for 2 floors!
The shaft crumbles and collapses.
You now have 66 gold pieces (gained 7).
A bat comes into view.
There are monsters nearby!
The bat barely misses you.
You miss the bat. The bat closely misses you. The bat barely misses you.
You closely miss the bat. Your kick misses the bat.
The bat hits you but does no damage. The bat closely misses you.
The bat barely misses you.
You closely miss the bat. The bat hits you but does no damage.
The bat barely misses you. The bat hits you but does no damage.
An ogre comes into view. It is wielding a giant club.
The ogre shouts!
The bat hits you but does no damage.
You hit the bat!
You kill the bat!
A worker ant comes into view.
The worker ant twitches its antennae in your direction.
You see here a bat corpse.
You hit the ogre.
The ogre is poisoned.
The ogre barely misses you.
You see here a bat corpse.
The worker ant barely misses you.
You barely miss the worker ant. Your kick misses the worker ant.
The worker ant bites you but does no damage.
You hit the worker ant.
The worker ant is poisoned.
Your kick misses the worker ant. The worker ant bites you.
You take 3 damage, and have 26/29 hp.
You hit the worker ant but do no damage.
The worker ant looks even sicker.
The worker ant bites you.
You are poisoned.
The worker ant poisons you!
You take 1 damage, and have 25/29 hp.
You hit the worker ant.
You feel sick. The worker ant barely misses you.
The worker ant closely misses you.
You take 1 damage, and have 24/29 hp.
You hit the worker ant.
You kill the worker ant!
Your Crossbows skill increases to level 6!
You have reached level 4!
You feel stronger.
You feel sick.
You regained 4 hp, and now have 28/36 hp.
You barely miss the ogre. You kick the ogre, but do no damage.
You feel sick. The ogre closely misses you.
You take 1 damage, and have 27/36 hp.
You barely miss the ogre.
The ogre looks more healthy.
The ogre hits you with a giant club!
You take 9 damage, and have 18/36 hp.
MASSIVE DAMAGE!!
You barely miss the ogre.
You feel sick. The ogre closely misses you.
You take 1 damage, and have 17/36 hp.
HP below 50%!
You hit the ogre. You kick the ogre. You hit the ogre.
The ogre is poisoned.
You kick the ogre.
You feel sick. The ogre hits you with a giant club!!
Ouch! That really hurt!
You die... ##..##.##....#.... #...##.##...#...#.. ##...##...........# #....#.####.....#... # #......###.......... . .PP

#......##...#....## .♣
♣P.#.......##.##....# .♣ ♣
♣P.......>.#8.8#....##.♣P.P
P.P.PP..........@O............
♣♣♣..P......#8.8#..†......PP
♣♣♣.P...####.##.......♣♣♣.♣
.......# .......?.....♣
♣.......##...........>..♣
♣P.#......................
.P##..####....##......... #
...# #.... ......... ...
...........


You could see an ogre.

Vanquished Creatures
  A worker ant (D:4)
  2 worms
  A giant gecko (D:1)
  An ooze (D:1)
  6 goblins (D:1)
  6 hobgoblins
  2 bats
  5 giant newts
  6 kobolds (D:1)
  2 rats (D:1)
32 creatures vanquished.

Notes
Turn   | Place    | Note
--------------------------------------------------------------
     0 | D:1      | Pikaro, the Centaur Hunter, began the quest for the Orb.
     0 | D:1      | Reached XP level 1. HP: 17/17 MP: 1/1
   285 | D:1      | Reached XP level 2. HP: 21/24 MP: 2/2
   290 | D:1      | Reached skill level 5 in Crossbows
  1346 | D:1      | Reached XP level 3. HP: 18/29 MP: 3/3
  1577 | D:2      | Found a glowing silver altar of Zin.
  1630 | D:2      | You fall through a shaft for 2 floors!
  1661 | D:4      | Noticed an ogre
  1676 | D:4      | Reached skill level 6 in Crossbows
  1676 | D:4      | Reached XP level 4. HP: 29/36 MP: 3/3
  1681 | D:4      | Slain by an ogre

Action                   |  1- 3 |  4- 6 || total
-------------------------+-------+-------++-------
Melee: Short sword       |    39 |       ||    39
       Whip              |    50 |     5 ||    55
 Fire: Hand crossbow     |     1 |       ||     1
  Eat: Chunk             |     2 |       ||     2

Vault maps used:
D:1:      evilmike_arrival_run_for_it
D:2:      old_standard_altar, first_bread
D:4:      kennysheep_mini_moat, overflow_temple_1_default, kennysheep_mini,
          serial_forest, infiniplex_forest_clump_cross, infiniplex_forest_end_2,
          infiniplex_forest_lined_2, infiniplex_forest_fountain,
          infiniplex_forest_3_way, infiniplex_forest_corner_1,
          infiniplex_forest_end_3, infiniplex_forest_lined_room_,
          infiniplex_forest_straight_3, small_statue_intersection,
          kb_xom_exploding_sheep

Table legend:
 A = Turns spent in this place as a percentage of turns spent in the entire game.
 B = Non-inter-level travel turns spent in this place as a percentage of non-inter-level travel turns spent in the entire game.
 C = Inter-level travel turns spent in this place as a percentage of turns spent in this place.
 D = Turns resting spent in this place as a percentage of non-inter-level travel turns spent in this place.
 E = Turns spent auto-exploring this place as a percentage of non-inter-level travel turns spent in this place.
 F = Non-inter-level travel turns spent in this place divided by the number of levels of this place that you've seen.
                   A       B       C       D       E      F
               +-------+-------+-------+-------+-------+----------------------
         Total | 100.0 | 100.0 |   0.3 |   8.6 |  11.8 | 101.3
       Dungeon | 100.0 | 100.0 |   0.3 |   8.6 |  11.8 | 101.3
               +-------+-------+-------+-------+-------+----------------------

Table legend:
 A = Kills in this place as a percentage of kills in entire the game.
 B = Kills by you in this place as a percentage of kills by you in the entire game.
 C = Kills by friends in this place as a percentage of kills by friends in the entire game.
 D = Other kills in this place as a percentage of other kills in the entire game.
 E = Experience gained in this place as a percentage of experience gained in the entire game.
 F = Experience gained in this place divided by the number of levels of this place that you have seen.
                   A       B       C       D       E      F
               +-------+-------+-------+-------+-------+----------------------
         Total | 100.0 | 100.0 |  -nan |  -nan | 100.0 |  35.3
       Dungeon | 100.0 | 100.0 |  -nan |  -nan | 100.0 |  35.3
               +-------+-------+-------+-------+-------+----------------------
